 Seeded DCSS version 0.30-a0-359-gd0147acb1a (webtiles) character file.

Game seed: 20221110 (custom seed)

9398 Nerdsrcool the Thaumaturge (level 11, -1/71 HPs)
             Began as a Djinni Hedge Wizard on Nov 10, 2022.
             Was a Believer of Makhleb.
             Slain by a yak (8 damage)
             ... on level 10 of the Dungeon on Nov 11, 2022.
             The game lasted 01:58:10 (14338 turns).

Nerdsrcool the Thaumaturge (Djinni Hedge Wizard)   Turns: 14338, Time: 01:58:10

Health: -1/71      AC: 12    Str: 18    XL:     11   Next: 73%
Gold:   554        EV: 10    Int: 20    God:    Makhleb [**....] SH:  6 Dex: 12

rFire   + + +      SeeInvis .    p - +0 dagger "Xazyzagh" {spect, rF+ Str+5}
rCold   . . .      Faith    .    u - +2 buckler of Biostrep {+Inv rCorr Int+3}
rNeg    . . .      Spirit   .    E - +2 scale mail
rPois   ∞          Reflect  .    J - +0 helmet
rElec   .          Harm     .    (no cloak)
rCorr   +          Rampage  .    m - +0 pair of gloves
Will    ++...                    (boots unavailable)
Stlth   +.........               r - amulet of regeneration
HPRegen 1.11/turn                c - ring of protection from cold
MPRegen 0.00/turn                y - ring of willpower

@: flying
A: sickness immunity, fire resistance 2, cold vulnerability 1, float, innate
caster, HP casting, extra vitality 1
a: Renounce Religion, Evoke Invisibility, Minor Destruction


You were on level 10 of the Dungeon.
You worshipped Makhleb.
Makhleb was pleased with you.
You visited 2 branches of the dungeon, and saw 11 of its levels.

You collected 612 gold pieces.
You spent 58 gold pieces at shops.

Inventory:

Hand Weapons
 a - a +0 dagger
 j - a +8 battleaxe
 p - the +0 dagger "Xazyzagh" (weapon) {spect, rF+ Str+5}
   (You found it on level 2 of the Dungeon)

   When its wielder attacks, the weapon's spirit leaps out and strikes again.
   The spirit shares a part of any damage it takes with its wielder.
   Str:       It affects your strength (+5).
   rF:        It protects you from fire.
 q - a +1 demon blade of electrocution
 K - a +4 flail of freezing
 L - a +4 dire flail
Missiles
 N - a throwing net
Armour
 m - a +0 pair of gloves (worn)
 u - the +2 buckler of Biostrep (worn) {+Inv rCorr Int+3}
   (You found it on level 4 of the Dungeon)

   Int:       It affects your intelligence (+3).
   +Inv:      It lets you turn invisible.
   rCorr:     It protects you from acid and corrosion.
 E - a +2 scale mail (worn)
 J - a +0 helmet (worn)
Magical Staves
 i - a staff of fire
Jewellery
 c - a ring of protection from cold (left hand)
 r - an amulet of regeneration (around neck)
 t - a ring of resist corrosion
 w - an amulet of reflection
 y - a ring of willpower (right hand)
 H - an amulet of faith
Wands
 b - a wand of flame (11)
 o - a wand of iceblast (2)
 z - a wand of acid (2)
 F - a wand of paralysis (3)
 O - a wand of digging (4)
Scrolls
 e - 2 scrolls of noise
 l - a scroll of torment
 v - a scroll of magic mapping
 G - 2 scrolls of immolation
Potions
 d - a potion of resistance {unknown}
 g - 2 potions of lignification
 k - 2 potions of flight {unknown}
 n - a potion of mutation {unknown}
 x - 2 potions of might {unknown}
 A - a potion of degeneration
 B - a potion of berserk rage {unknown}
 D - 3 potions of magic


   Skills:
 + Level 3.2 Fighting
 + Level 3.1 Short Blades
 + Level 6.6 Armour
 + Level 3.7 Dodging
 + Level 4.6 Stealth
 + Level 3.6 Shields
 + Level 11.0 Spellcasting
 + Level 0.3 Invocations
 + Level 1.1 Evocations


You had 7 spell levels left.
You knew the following spells:

 Your Spells              Type           Power      Damage    Failure   Level
a - Magic Dart            Conj           100%       1d8       1%          1
b - Slow                  Hex            100%       N/A       1%          1
c - Blink                 Tloc           100%       N/A       1%          2
d - Call Imp              Summ           53%        N/A       1%          2
e - Cigotuvi's Dreadful   Necr/Pois/Air  100%       N/A       1%          2
f - Mephitic Cloud        Conj/Pois/Air  53%        N/A       1%          3
g - Shock                 Conj/Air       100%       1d9       1%          1
h - Poisonous Vapours     Pois/Air       100%       N/A       1%          2
i - Searing Ray           Conj           100%       2d8       1%          2
j - Cause Fear            Hex            26%        N/A       2%          4
k - Summon Forest         Summ/Tloc      26%        N/A       7%          5
Your spell library was empty.

Dungeon Overview and Level Annotations

Branches:
Dungeon (10/15)            Temple (1/1) D:5
   Lair: D:8-11         Orc: D:9-12

Altars:
Ashenzari
Cheibriados
Dithmenos
Elyvilon
Fedhas
Gozag
Hepliaklqana
Makhleb
Nemelex Xobeh
Okawaru
Qazlal
Ru
Trog
Uskayaw
Wu Jian
Xom
Yredelemnul
Zin
The Shining One

Shops:
D:2 [   D:4 (   D:8 [

Annotations:
D:10 1 transporter


Innate Abilities, Weirdness & Mutations

You are immune to sickness and miasma.
You are immune to poison.
Your flesh is very heat resistant. (rF++)
You are vulnerable to cold. (rC-)
You float through the air rather than walking.
You learn spells naturally, not from books.
Your magical power is your life essence.
You have superior vitality. (+4 MHP)


Message History

The kobold demonologist appears confused.
Your crimson imp hits the kobold demonologist.
Makhleb accepts your kill.
The ufetubus disappears in a puff of smoke!
The iron imp disappears in a puff of smoke!
The kobold demonologist explodes!
The fiery explosion engulfs the kobold demonologist!!
Makhleb accepts your kill.
The fiery explosion engulfs your crimson imp.
Your crimson imp completely resists.
The kobold demonologist explodes!
Your Spellcasting skill increases to level 11!
Casting: Blink (safe; 1% risk of failure)
Press: ? - help, Q - select action, (/) - cycle Dir - look around, f - activate You blink.
* * * LOW HITPOINT WARNING * * *
The kobold barely misses your crimson imp.
Your crimson imp barely misses the kobold.
Casting: Blink (safe; 1% risk of failure)
Press: ? - help, Q - select action, (/) - cycle Dir - look around, f - activate You blink.
* * * LOW HITPOINT WARNING * * *
Your crimson imp closely misses the kobold.
Casting: Blink (safe; 1% risk of failure)
Press: ? - help, Q - select action, (/) - cycle Dir - look around, f - activate You blink.
* * * LOW HITPOINT WARNING * * *
A yak comes into view. x2
Aiming: Minor Destruction (21% risk of failure)
Press: ? - help, Shift-Dir - straight line, f - yak
Aim: a yak (wandering, hasn't noticed you)
The puff of flame hits the yak.
The yak is lightly wounded.
The yak bellows! x2
The rust devil disappears in a puff of smoke!
Space becomes stable.
The yak snorts and paws the ground.
The kobold closely misses your crimson imp.
The yak attacks as you move away! The yak gores you!
You die...

## .# # ## .# .# #..
.##.... ###.≈# #..
###......♣......≈#
##.####.#.###.........≈#♣
..#.......@...#.........≈≈♣
.........Y...........)...≈≈
.#..#...............))...≈
#.Y....$O......)..)......
.....#.......5..........†..
........##.........K..†.)K.
.......##.....K...5...[...*
.. ....[.........)...†....♣
. ..##...........).....♣...


You could see a two-headed ogre, 2 yaks, a kobold (inner flame) and a friendly
crimson imp (summoned, inner flame).

Vanquished Creatures
  A two-headed ogre (D:9)
  2 gargoyles (D:7)
  2 kobold demonologists (D:10)
  A troll (D:8)
  Sigmund (D:4)
  A wyvern (D:9)
  Eustachio (D:6)
  5 yaks
  Grum (D:9)
  An ice beast (D:5)
  3 water moccasins
  A sky beast (D:8)
  2 black bears
  5 ogres
  4 wolves (D:9)
  6 centaurs
  3 phantoms
  Blork the orc (D:5)
  A bullfrog (D:8)
  A necrophage (D:4)
  A wyvern zombie (D:6)
  6 scorpions
  16 wights
  A wyvern skeleton (D:6)
  6 killer bees (D:6)
  2 vampire bats (D:7)
  2 howler monkeys (D:8)
  A centaur zombie (D:6)
  2 gnoll boudas
  4 hounds
  4 orc priests
  2 centaur skeletons (D:6)
  5 iguanas
  8 orc wizards
  3 adders
  12 gnolls
  3 white imps
  An ufetubus (D:5)
  A dart slug (D:2)
  16 orcs
  4 ball pythons
  8 bats
  7 endoplasms
  6 goblins
  6 hobgoblins
  3 jackals (D:1)
  8 kobolds
  3 quokkas
  A frilled lizard (D:2)
  4 rats
189 creatures vanquished.

Vanquished Creatures (collateral kills)
  A kobold demonologist (D:10)
  A shadow (D:9)
  4 yaks (D:10)
  A wraith (D:10)
  A gnoll sergeant (D:9)
  An electric eel (D:10)
  An orc priest (D:9)
  An orc wizard (D:9)
  An adder (D:5)
  A gnoll (D:9)
  2 orcs (D:9)
  A ball python (D:4)
  A jackal (D:1)
  A kobold (D:10)
  A rat (D:1)
19 creatures vanquished.

Vanquished Creatures (others)
  Ijyb (D:4)
  An adder (D:4)
  A butterfly (D:9)
  3 withered plants (D:6)
6 creatures vanquished.

Grand Total: 214 creatures vanquished

Notes
Turn   | Place    | Note
-------+----------+-------------------------------------------
     0 | D:1      | Nerdsrcool the Djinni Hedge Wizard began the quest for the
                  | Orb.
     0 | D:1      | Nerdsrcool set off with the following spells memorised:
                  | Magic Dart, Slow, Blink, Call Imp, Cigotuvi's Dreadful Rot,
                  | Mephitic Cloud.
     0 | D:1      | Reached XP level 1. HP: 15/15 MP: 0/0
   134 | D:1      | Found a faded altar of an unknown god.
   142 | D:1      | Reached XP level 2. HP: 14/21 MP: 0/0
   160 | D:1      | HP: 1/21 [rat (2)]
   516 | D:1      | Reached XP level 3. HP: 24/25 MP: 0/0
   516 | D:1      | Learned a level 1 spell: Shock
   643 | D:1      | Reached skill level 3 in Spellcasting
  1322 | D:2      | Found Gymnoleg's Armour Boutique.
  1327 | D:2      | Bought a +0 pair of gloves for 58 gold pieces
  1564 | D:2      | Identified the +0 dagger "Xazyzagh" {spect, rF+ Str+5}
  2422 | D:4      | Identified the +2 buckler of Biostrep {+Inv rCorr Int+3}
  2438 | D:4      | Reached XP level 4. HP: 31/31 MP: 0/0
  2440 | D:4      | Noticed Ijyb
  2445 | D:4      | Noticed a phantom
  2448 | D:4      | HP: 1/25 [phantom (6)]
  2457 | D:4      | Killed a phantom
  2458 | D:4      | Reached XP level 5. HP: 15/35 MP: 0/0
  2458 | D:4      | Learned a level 2 spell: Poisonous Vapours
  2461 | D:4      | Found a sacrificial altar of Ru.
  4451 | D:4      | Killed Ijyb
  4452 | D:4      | Reached skill level 4 in Spellcasting
  4699 | D:4      | Reached XP level 6. HP: 34/41 MP: 0/0
  4773 | D:4      | Noticed an ogre
  4785 | D:4      | Killed an ogre
  4888 | D:4      | Found Barey's Weapon Shop.
  4916 | D:4      | Reached skill level 1 in Fighting
  4922 | D:4      | Reached skill level 5 in Spellcasting
  4922 | D:4      | Reached XP level 7. HP: 14/47 MP: 0/0
  4922 | D:4      | Learned a level 2 spell: Searing Ray
  5353 | D:4      | Found a broken altar of Ashenzari.
  5531 | D:4      | Noticed Sigmund
  5538 | D:4      | Killed Sigmund
  5539 | D:4      | Reached skill level 1 in Armour
  5798 | D:5      | Entered Level 5 of the Dungeon
  5829 | D:5      | Reached XP level 8. HP: 42/53 MP: 0/0
  5886 | D:5      | Reached skill level 6 in Spellcasting
  5941 | D:5      | Reached skill level 1 in Shields
  6149 | D:5      | Noticed Blork the orc
  6157 | D:5      | Killed Blork the orc
  6162 | D:5      | Found a glowing golden altar of the Shining One.
  6169 | D:5      | Reached skill level 7 in Spellcasting
  6318 | D:5      | Reached XP level 9. HP: 38/58 MP: 0/0
  6318 | D:5      | Learned a level 4 spell: Cause Fear
  6489 | D:5      | Found a staircase to the Ecumenical Temple.
  6500 | Temple   | Entered the Ecumenical Temple
  6541 | Temple   | Became a worshipper of Makhleb the Destroyer
  7201 | D:6      | Reached skill level 8 in Spellcasting
  7604 | D:6      | Noticed Eustachio
  7613 | D:6      | Killed Eustachio
  7614 | D:6      | Reached skill level 1 in Short Blades
  7776 | D:6      | Reached * piety under Makhleb
  8199 | D:6      | Found a stormy altar of Qazlal.
  8615 | D:7      | Noticed a gargoyle
  8633 | D:7      | Reached XP level 10. HP: 16/64 MP: 0/0
  8647 | D:7      | Killed a gargoyle
  9102 | D:7      | Reached skill level 9 in Spellcasting
  9308 | D:7      | Reached ** piety under Makhleb
 10031 | D:8      | Noticed a gargoyle
 10047 | D:7      | Killed a gargoyle
 10048 | D:7      | Reached skill level 1 in Evocations
 10209 | D:8      | Reached skill level 5 in Armour
 10912 | D:8      | Found Xini's Specialty Armours.
 12107 | D:8      | Reached XP level 11. HP: 34/70 MP: 0/0
 12107 | D:8      | Learned a level 5 spell: Summon Forest
 12383 | D:9      | Reached *** piety under Makhleb
 12393 | D:9      | Reached skill level 10 in Spellcasting
 12682 | D:9      | Upgraded the game from 0.30-a0-358-g0d69a1922f to
                  | 0.30-a0-359-gd0147acb1a
 12731 | D:9      | Found a shadowy altar of Dithmenos.
 12790 | D:9      | Noticed a two-headed ogre
 12811 | D:9      | Killed a two-headed ogre
 12915 | D:9      | Noticed Grum
 12939 | D:9      | Killed Grum
 13422 | D:9      | Found a white marble altar of Elyvilon.
 14270 | D:10     | Entered Level 10 of the Dungeon
 14324 | D:10     | Found a transporter.
 14328 | D:10     | Noticed a two-headed ogre
 14331 | D:10     | Reached skill level 11 in Spellcasting
 14338 | D:10     | Slain by a yak

Illustrated notes

Levels and vault maps discovered:
D:1:      lemuel_arrival_room, layout_rooms,
          hellmonk_ecumenical_altar_dog_temple, nicolae_figureground_sparkle
D:2:      layout_basic, serial_shops, nicolae_shop_hallway_plus
D:3:      layout_basic, nicolae_concentric_dashed_squares_wild,
          dk_noncrumbling_4, minmay_misc_feat_chi
D:4:      layout_gridville, mainiacjoe_overflow_concentric_impassable,
          mainiacjoe_overflow_paths, serial_shops, nicolae_shop_statue_plus,
          uniq_ijyb, uniq_sigmund
D:5:      layout_cave_pools, mainiacjoe_overflow_cross_hatched, temple_green,
          uniq_blork_the_orc
D:6:      layout_basic, nicolae_qazlal_style_of_elements, serial_undead,
          serial_undead_b, serial_undead_a, serial_undead_b, serial_undead_a,
          uniq_eustachio
D:7:      layout_loops_corners, roderic_batcave, minmay_manual_mail
D:8:      layout_gridville, nicolae_barding_shop
D:9:      layout_layer_cave, nicolae_elyvilon_peaceful_grove,
          mainiacjoe_overflow_six_doors_small, uniq_grum
D:10:     layout_cave_pools, orc_0_dummy, nzn_ghost_randoct,
          minmay_misc_feat_pillars, water_maze_lemuel
Temple:   minmay_temple_bridge_d

Skill      XL: |  1  2  3  4  5  6  7  8  9 10 11 |
---------------+----------------------------------+-----
Stealth        | 2 3 4 |  4.6
Spellcasting   | 3 4 5 7 8 9 11 | 11.0
Fighting       | 1 2 3 |  3.2
Armour         | 1 2 3 5 6 |  6.6
Shields        | 1 2 3 |  3.6
Short Blades   | 2 3 |  3.1
Dodging        | 3 |  3.7
Evocations     | 1 |  1.1
Invocations    | |  0.3

Action                   |  1- 3 |  4- 6 |  7- 9 | 10-12 || total
-------------------------+-------+-------+-------+-------++-------
Melee: Dagger            |     2 |    20 |    66 |   122 ||   210
 Cast: Magic Dart        |    97 |    25 |    76 |   156 ||   354
       Call Imp          |     3 |     7 |    10 |    14 ||    34
       Slow              |     2 |     7 |    30 |    21 ||    60
       Blink             |     1 |     6 |     7 |    13 ||    27
       Shock             |       |     6 |     4 |     3 ||    13
       Poisonous Vapours |       |     4 |    70 |    45 ||   119
       Mephitic Cloud    |       |     3 |    11 |    15 ||    29
       Searing Ray       |       |       |     7 |    15 ||    22
       Summon Forest     |       |       |       |     3 ||     3
Invok: Minor Destruction |       |       |       |     3 ||     3
Evoke: Wand              |       |       |       |     6 ||     6
  Use: Scroll            |     3 |     1 |     1 |    13 ||    18
       Potion            |       |     1 |     1 |     7 ||     9
 Stab: Distracted        |       |     1 |     1 |     1 ||     3
       Confused          |       |       |     1 |     4 ||     5
       Paralysed         |       |       |       |     3 ||     3
Armor: Robe              |     2 |     1 |       |       ||     3
       Scale mail        |       |       |    28 |    46 ||    74
Dodge: Dodged            |     8 |    13 |    42 |    78 ||   141
Block: Buckler           |       |     4 |    37 |    53 ||    94
       Reflection        |       |       |     3 |       ||     3

Table legend: (Time is in decaauts)
 A = Elapsed time spent in this place.
 B = Non-inter-level travel time spent in this place.
 C = Inter-level travel time spent in this place.
 D = Time resting spent in this place.
 E = Time spent auto-exploring this place.
 F = Levels seen in this place.
 G = Mean time per level.
                   A        B        C        D        E       F      G
               +--------+--------+--------+--------+--------+-----+--------+
         Total |  14316 |  14163 |    153 |   4775 |   7026 |  11 | 1301.5 |
       Dungeon |  14140 |  13987 |    153 |   4775 |   6907 |  10 | 1414.0 |
        Temple |    176 |    176 |      0 |      0 |    119 |   1 |  176.0 |
               +--------+--------+--------+--------+--------+-----+--------+

Top non-repeatable levels by time:
     D:3: 2722 daAuts
     D:9: 2110 daAuts
     D:7: 1945 daAuts
     D:6: 1690 daAuts
     D:8: 1549 daAuts
     D:4: 1318 daAuts
     D:5: 976 daAuts
     D:1: 903 daAuts
     D:2: 857 daAuts
  Temple: 176 daAuts
    D:10: 66 daAuts
